 Dungeon Crawl Stone Soup version 0.29-a0-101-g0f647bec9a (webtiles) character file.

Game seed: 3072912509658291981

4279 Zider the Covert (level 10, 0/47 HPs)
             Began as a Spriggan Enchanter on Feb 15, 2022.
             Was a Priest of Dithmenos.
             Slain by Mictavius's ghost (7 damage)
             ... on level 8 of the Dungeon.
             The game lasted 00:28:04 (9930 turns).

Zider the Covert (Spriggan Enchanter)               Turns: 9930, Time: 00:28:04

Health: 0/47       AC:  6    Str: 10    XL:     10   Next: 10%
Magic:  33/33      EV: 19    Int: 16    God:    Dithmenos [***...]
Gold:   498        SH:  0    Dex: 17    Spells: 17/28 levels left

rFire   . . .      SeeInvis +   v - +2 dagger (venom)
rCold   + . .      Faith    .   (no shield)
rNeg    . . .      Spirit   .   b - +1 robe
rPois   .          Reflect  .   (helmet restricted)
rElec   .          Harm     .   j - +2 cloak
rCorr   +          Rampage  .   (gloves unavailable)
Will    +....                   (boots unavailable)
Stlth   +++++++...              o - amulet of magic regeneration
HPRegen 0.15/turn               f - ring of resist corrosion
MPRegen 0.63/turn               t - ring of magical power

@: mighty, wreathed by umbra, very quick
A: very small, no large weapons, unfitting armour, see invisible, speed 3, cold
resistance 1, strong 1
a: Renounce Religion, Shadow Step


You were on level 8 of the Dungeon.
You worshipped Dithmenos.
Dithmenos was most pleased with you.
You visited 2 branches of the dungeon, and saw 9 of its levels.

You collected 498 gold pieces.

Inventory:

Hand Weapons
 a - a +2 dagger
 i - a +0 dagger of draining
 s - a +1 short sword of venom
 v - a +2 dagger of venom (weapon)
Missiles
 l - 13 poisoned darts (quivered)
 m - 3 datura-tipped darts
Armour
 b - a +1 robe (worn)
 j - a +2 cloak (worn)
Jewellery
 f - a ring of resist corrosion (left hand)
 o - an amulet of magic regeneration (around neck)
 t - a ring of magical power (right hand)
Wands
 h - a wand of mindburst (11)
 u - a wand of iceblast (3)
 w - a wand of digging (3)
Scrolls
 n - 3 scrolls of teleportation
 r - 2 scrolls of identify
Potions
 c - a potion of invisibility
 d - 2 potions of might
 e - 2 potions of brilliance
 g - 2 potions of flight
 k - a potion of cancellation
 p - a potion of haste
 q - a potion of attraction


   Skills:
 + Level 2.6 Fighting
 + Level 4.1 Short Blades
 + Level 5.2 Dodging
 + Level 11.8 Stealth
 + Level 9.9 Spellcasting
 + Level 10.2 Hexes


You had 17 spell levels left.
You knew the following spells:

 Your Spells              Type           Power      Damage    Failure   Level
a - Ensorcelled Hibernat  Hex/Ice        48%        N/A       1%          2
b - Tukima's Dance        Hex            40%        N/A       1%          3
c - Dazzling Flash        Conj/Hex       48%        N/A       3%          3
d - Confusing Touch       Hex            40%        N/A       1%          3

Your spell library contained the following spells:

 Spells                   Type           Power      Damage    Failure   Level
 Static Discharge         Conj/Air       7%         N/A       14%         2
 Hailstorm                Conj/Ice       7%         3d4       67%         4
 Ice Form                 Ice/Tmut       7%         N/A       67%         4
 Lightning Bolt           Conj/Air       3%         1d15      95%         5
 Simulacrum               Ice/Necr       3%         N/A       100%        6
 Maxwell's Capacitive Co  Air            3%         ∞         100%        8


Dungeon Overview and Level Annotations

Branches:
Dungeon (8/15)             Temple (1/1) D:4            Lair (0/6) D:8

Altars:
Cheibriados
Dithmenos
Elyvilon
Gozag
Hepliaklqana
Kikubaaqudgha
Qazlal
Trog
Vehumet
Wu Jian
Xom
Yredelemnul
Zin
The Shining One

Annotations:
D:8 Mictavius's ghost, novice BaWr


Innate Abilities, Weirdness & Mutations

You are very small and have problems with some larger weapons.
You are too small for most types of armour.
You have supernaturally acute eyesight. (SInv)
You cover ground extremely quickly. (Speed+++)
Your flesh is cold resistant. (rC+)
Your muscles are strong. (Str +2)


Message History

Okay, then.
Unknown command.
Unknown command.
You feel very mighty all of a sudden.
Casting: Confusing Touch (safe; 1% risk of failure)
Confirm with . or Enter, or press ? or * to list all spells.
Your hands begin to glow red.
You open the gate.
You hit Mictavius's ghost but do no damage.
Your punch misses Mictavius's ghost. Mictavius's ghost closely misses you.
You hit Mictavius's ghost but do no damage.
You barely miss Mictavius's ghost. Mictavius's ghost barely misses you.
You completely miss Mictavius's ghost. Mictavius's ghost hits you!
You hit Mictavius's ghost but do no damage.
Mictavius's ghost hits you but does no damage.
You hit Mictavius's ghost but do no damage.
Mictavius's ghost hits you.
You hit Mictavius's ghost but do no damage.
You closely miss Mictavius's ghost.
Mictavius's ghost hits you but does no damage.
You completely miss Mictavius's ghost. Mictavius's ghost hits you.
You hit Mictavius's ghost but do no damage.
Mictavius's ghost hits you!
* * * LOW HITPOINT WARNING * * *
You hit Mictavius's ghost but do no damage.
Mictavius's ghost barely misses you.
You barely miss Mictavius's ghost.
You hit Mictavius's ghost but do no damage.
Mictavius's ghost appears confused.
Mictavius's ghost hits you!
* * * LOW HITPOINT WARNING * * *
Unknown command.
Okay, then.
Unknown command.
Unknown command.
You hit Mictavius's ghost.
Mictavius's ghost is lightly damaged.
You barely miss Mictavius's ghost.
Mictavius's ghost is lightly damaged.
Mictavius's ghost hits you!
You die...

.............
...##........
....##.......
.....#......
........... #####
..(.....# ##...##
.......## ### #.._..#
........###.####..(###
........##..##..@W...#
............##.#'''#.#
.#..<.......##.#...#.#
###..>..#...').#[$?#..+
..##........###########
..##..#.....#
..###.#......
...##.#......#
....#..#.#####


You could see Mictavius's ghost (confused).

Vanquished Creatures
  A hornet (D:8)
  A wyvern (D:8)
  A steam dragon (D:7)
  Menkaure (D:6)
  2 wargs (D:8)
  2 sky beasts
  3 orc warriors
  2 black bears
  2 necrophages (D:6)
  2 ogres (D:5)
  2 centaurs (D:8)
  A phantom (D:7)
  The ghost of Tycho the Digger, an amateur GrEE (D:3)
  A bullfrog (D:8)
  5 scorpions
  2 wyvern zombies
  9 killer bees
  3 howler monkeys
  2 wights (D:8)
  A bullfrog zombie (D:6)
  2 bullfrog skeletons
  5 orc priests
  3 hounds
  3 centaur skeletons
  2 iguanas
  8 orc wizards
  2 killer bee zombies
  9 adders
  2 shadow imps
  A white imp (D:7)
  3 worms
  7 dart slugs
  27 orcs
  7 bats
  4 endoplasms
  A giant cockroach (D:4)
  5 goblins
  6 hobgoblins
  3 jackals (D:2)
  9 quokkas
  2 ball pythons
  2 frilled lizards (D:1)
  7 kobolds
  5 rats
169 creatures vanquished.

Vanquished Creatures (collateral kills)
  An ogre (D:5)
  A wight (D:8)
  5 orcs
7 creatures vanquished.

Vanquished Creatures (others)
  3 dancing weapons (D:8)
  4 fungi (D:6)
  3 plants (D:8)
  2 toadstools (D:6)
12 creatures vanquished.

Grand Total: 188 creatures vanquished

Notes
Turn   | Place    | Note
-------+----------+-------------------------------------------
     0 | D:1      | Zider the Spriggan Enchanter began the quest for the Orb.
     0 | D:1      | Reached XP level 1. HP: 9/9 MP: 5/5
   270 | D:1      | Reached XP level 2. HP: 13/13 MP: 7/7
   273 | D:1      | Learned a level 2 spell: Ensorcelled Hibernation
   294 | D:1      | Gained mutation: Your muscles are strong. (Str +2) [potion
                  | of mutation]
   294 | D:1      | Gained mutation: You tend to lose your temper in combat.
                  | [potion of mutation]
  1466 | D:2      | Reached XP level 3. HP: 16/16 MP: 6/9
  1564 | D:2      | Lost mutation: You tend to lose your temper in combat.
                  | [potion of mutation]
  1564 | D:2      | Lost mutation: Your muscles are strong. (Str +2) [potion of
                  | mutation]
  1564 | D:2      | Gained mutation: You possess an exceptional clarity of
                  | mind. [potion of mutation]
  1564 | D:2      | Gained mutation: You are somewhat resistant to further
                  | mutation. [potion of mutation]
  2243 | D:2      | Learned a level 3 spell: Tukima's Dance
  2247 | D:2      | Learned a level 3 spell: Confusing Touch
  2313 | D:3      | Reached XP level 4. HP: 21/21 MP: 11/11
  2317 | D:3      | Learned a level 3 spell: Dazzling Flash
  2439 | D:3      | Reached skill level 5 in Hexes
  2725 | D:3      | Reached skill level 5 in Spellcasting
  2725 | D:3      | Reached XP level 5. HP: 17/24 MP: 3/13
  3015 | D:3      | Found a runed translucent door.
  3019 | D:3      | Noticed Tycho's ghost (amateur GrEE)
  3039 | D:3      | Killed Tycho's ghost
  3040 | D:3      | Reached skill level 5 in Stealth
  3481 | D:4      | Found a staircase to the Ecumenical Temple.
  3496 | Temple   | Entered the Ecumenical Temple
  3612 | Temple   | Became a worshipper of Dithmenos the Shadowed
  3700 | D:4      | Reached XP level 6. HP: 20/28 MP: 13/15
  3797 | D:4      | Noticed a sky beast
  3860 | D:4      | Killed a sky beast
  3935 | D:4      | Found a snail-covered altar of Cheibriados.
  3986 | D:4      | Reached skill level 6 in Stealth
  4372 | D:4      | Reached XP level 7. HP: 32/32 MP: 17/17
  4618 | D:4      | Found a radiant altar of Vehumet.
  4620 | D:4      | Found an ornate altar of the Wu Jian Council.
  4620 | D:4      | Found a shimmering blue altar of Sif Muna.
  4651 | D:4      | Found a shimmering altar of Xom.
  4651 | D:4      | Found a hazy altar of Hepliaklqana.
  4651 | D:4      | Found an opulent altar of Gozag.
  4681 | D:4      | Reached skill level 7 in Stealth
  4906 | D:5      | Entered Level 5 of the Dungeon
  4942 | D:5      | Reached * piety under Dithmenos
  4955 | D:5      | Identified the +0 robe of Dantuetetu {rC- Will+++ Dex+5
                  | Stlth-}
  5067 | D:5      | Reached skill level 8 in Stealth
  5260 | D:5      | Reached XP level 8. HP: 36/36 MP: 14/20
  5599 | D:5      | Reached skill level 9 in Stealth
  5991 | D:6      | Noticed Menkaure
  5992 | D:6      | Reached ** piety under Dithmenos
  5999 | D:5      | Reached skill level 10 in Stealth
  6036 | D:6      | Killed Menkaure
  6574 | D:6      | Reached XP level 9. HP: 39/39 MP: 20/23
  6582 | D:6      | Lost mutation: You are somewhat resistant to further
                  | mutation. [potion of mutation]
  6582 | D:6      | Lost mutation: You possess an exceptional clarity of mind.
                  | [potion of mutation]
  6582 | D:6      | Gained mutation: You are robust. (+10% HP) [potion of
                  | mutation]
  6582 | D:6      | Gained mutation: Armour fits poorly on your strangely
                  | shaped body. [potion of mutation]
  6583 | D:6      | Lost mutation: Armour fits poorly on your strangely shaped
                  | body. [potion of mutation]
  6583 | D:6      | Lost mutation: You are robust. (+10% HP) [potion of
                  | mutation]
  6583 | D:6      | Gained mutation: You have a pair of small horns on your
                  | head. [potion of mutation]
  6583 | D:6      | Gained mutation: Your muscles are strong. (Str +2) [potion
                  | of mutation]
  6583 | D:6      | Lost mutation: You have a pair of small horns on your head.
                  | [potion of mutation]
  6583 | D:6      | Gained mutation: Your flesh is cold resistant. (rC+)
                  | [potion of mutation]
  7423 | D:7      | Reached skill level 1 in Fighting
  7536 | D:7      | Reached skill level 11 in Stealth
  7854 | D:7      | Found a stormy altar of Qazlal.
  9091 | D:7      | Reached skill level 10 in Hexes
  9258 | D:8      | Found a staircase to the Lair.
  9286 | D:8      | Reached skill level 5 in Dodging
  9293 | D:8      | Reached *** piety under Dithmenos
  9433 | D:8      | Reached XP level 10. HP: 13/47 MP: 21/24
  9722 | D:8      | Found a runed translucent gate.
  9722 | D:8      | Found a runed translucent gate.
  9722 | D:8      | Found a runed translucent gate.
  9722 | D:8      | Noticed Mictavius's ghost (novice BaWr)
  9741 | D:8      | Found a basalt altar of Yredelemnul.
  9930 | D:8      | Slain by Mictavius's ghost

Illustrated notes

Levels and vault maps discovered:
D:1:      scummos_arrival_star, layout_basic, serial_bayou_ford_a,
          minmay_pentomino_r4
D:2:      minmay_spotlight, layout_basic, chequers_serial_rivers_micro_d
D:3:      layout_loops_ring, ebering_ghost_reflecting_pool, st_stairs_9
D:4:      layout_cave_pools, doesnt_xom_only_xom, cheibriados_altar_2,
          minmay_temple_entry_junction_2
D:5:      layout_rooms, kennysheep_generic_room_11
D:6:      layout_loops_ring, serial_co_window_serial, co_window_paths_a,
          co_window_of_opportunity_a, co_window_paths_a, co_window_corner_a,
          co_window_paths_a, co_window_of_opportunity_a, co_window_paths_b,
          co_window_corner_a, co_window_cross_1, co_window_corner_b,
          co_window_broadway_c, co_window_paths_c, co_window_broadway_a,
          co_window_paths_c, co_window_corner_ca, minmay_misc_feat_nine_boxes,
          minmay_strange_pillars, chequers_serial_rivers_micro_d,
          minmay_gold_behind_fungi, uniq_menkaure
D:7:      layout_basic, grunt_qazlal_sundering
D:8:      layout_cave_pools, nicolae_yredelemnul_ghost_church,
          pdpol_wu_jian_five_deadly_venoms, erik_lair_orcish_takeover,
          serial_shops, shop
Temple:   oiseaux_autumnal_temple

Skill      XL: |  1  2  3  4  5  6  7  8  9 10 |
---------------+-------------------------------+-----
Spellcasting   | 3 4 5 6 7 9 |  9.9
Hexes          | 4 5 6 7 9 10 | 10.2
Stealth        | 5 6 8 10 11 | 11.8
Dodging        | 5 |  5.2
Fighting       | 2 |  2.6
Short Blades   | 3 4 |  4.1

Action                   |  1- 3 |  4- 6 |  7- 9 | 10-12 || total
-------------------------+-------+-------+-------+-------++-------
Melee: Dagger            |   118 |   163 |   249 |    33 ||   563
       Punch             |     3 |     2 |     5 |     1 ||    11
 Cast: Ensorcelled Hiber |    12 |    22 |   104 |       ||   138
       Confusing Touch   |       |     4 |    12 |     2 ||    18
       Tukima's Dance    |       |       |    19 |       ||    19
Evoke: Wand              |       |       |     3 |       ||     3
  Use: Scroll            |     4 |     6 |    12 |     1 ||    23
       Potion            |     2 |     1 |     3 |     1 ||     7
 Stab: Sleeping          |    24 |    23 |    58 |     1 ||   106
       Confused          |       |     5 |     9 |     2 ||    16
Armor: Robe              |    14 |    17 |    30 |     7 ||    68
Dodge: Dodged            |    72 |   110 |   265 |    31 ||   478

Table legend: (Time is in decaauts)
 A = Elapsed time spent in this place.
 B = Non-inter-level travel time spent in this place.
 C = Inter-level travel time spent in this place.
 D = Time resting spent in this place.
 E = Time spent auto-exploring this place.
 F = Levels seen in this place.
 G = Mean time per level.
                   A        B        C        D        E       F      G
               +--------+--------+--------+--------+--------+-----+--------+
         Total |   8002 |   7843 |    159 |   1818 |   4495 |   9 |  889.1 |
       Dungeon |   7764 |   7622 |    142 |   1688 |   4417 |   8 |  970.5 |
        Temple |    237 |    220 |     17 |    130 |     78 |   1 |  237.0 |
               +--------+--------+--------+--------+--------+-----+--------+

Top non-repeatable levels by time:
     D:7: 1449 daAuts
     D:6: 1040 daAuts
     D:4: 1014 daAuts
     D:2: 983 daAuts
     D:3: 894 daAuts
     D:1: 851 daAuts
     D:5: 821 daAuts
     D:8: 710 daAuts
  Temple: 237 daAuts
